 Dungeon Crawl Stone Soup version 0.19-a0-27-g415f530 (webtiles) character file.

157 M4edhros the Insei (level 5, -2/31 HPs)
             Began as an Octopode Necromancer on May 1, 2016.
             Was an Initiate of Cheibriados.
             Slain by a centaur (7 damage)
             ... on level 6 of the Dungeon.
             The game lasted 00:03:35 (570 turns).

M4edhros the Insei (Octopode Necromancer)            Turns: 570, Time: 00:03:36

Health: -2/31      AC:  1    Str:  9    XL:     5   Next: 38%
Magic:  4/8        EV: 12    Int: 19    God:    Cheibriados [......]
Gold:   45         SH:  0    Dex: 13    Spells: 3 memorised, 3 levels left

rFire  . . .     SeeInvis .       - Unarmed
rCold  + . .     Gourm    .     (no shield)
rNeg   . . .     Faith    .     (helmet restricted)
rPois  .         Spirit   .     (no amulet)
rElec  .         Dismiss  .     e - ring of protection from cold
rCorr  .         Reflect  .     (no ring)
SustAt .         Harm     .     (no ring)
MR     .....                    (no ring)
Stlth  +++.......               (no ring)
                                (no ring)
                                (no ring)
                                (no ring)

@: very slightly contaminated, slow, not resistant to hostile enchantments,
fairly stealthy
A: almost no armour, amphibious, 8 rings, constrict 8, camouflage 1, gelatinous
body 1
a: Bend Time, Renounce Religion


You were on level 6 of the Dungeon.
You worshipped Cheibriados.
Cheibriados was noncommittal.
You were not hungry.

You visited 1 branch of the dungeon, and saw 7 of its levels.

You collected 45 gold pieces.

Inventory:

Jewellery
 e - a ring of protection from cold (left tentacle)
Scrolls
 c - a scroll of identify {unknown}
 d - a scroll of blinking {unknown}
 g - a scroll of fog {unknown}
 j - 2 scrolls of immolation {unknown}
 l - a scroll of recharging {unknown}
 m - a scroll of teleportation {unknown}
 n - a scroll of enchant weapon {unknown}
Books
 a - a book of Necromancy

   Spells                             Type                      Level
   a - Pain                           Necromancy                   1
   b - Animate Skeleton               Necromancy                   1
   c - Vampiric Draining              Necromancy                   3
   d - Regeneration                   Charms/Necromancy            3
   e - Animate Dead                   Necromancy                   4
   f - Control Undead                 Necromancy                   4
Comestibles
 b - 2 bread rations
 h - 4 chunks of flesh
 i - a royal jelly
 k - a meat ration


   Skills:
 - Level 2.0 Dodging
 - Level 2.6 Stealth
 + Level 4.9 Unarmed Combat
 - Level 2.0 Spellcasting
 - Level 4.0 Necromancy


You had 3 spell levels left.
You knew the following spells:

 Your Spells              Type           Power        Failure   Level  Hunger
a - Pain                  Necr           ###.         3%          1    #......
b - Animate Skeleton      Necr           N/A          3%          1    #......
r - Regeneration          Chrm/Necr      #.........   21%         3    ###....


Dungeon Overview and Level Annotations

Branches:
Dungeon (7/15)
 Temple: D:4-7

Altars:
Cheibriados
Okawaru
Qazlal
Zin
The Shining One

Shops:
D:7 (:

Annotations:
D:7 M4edhros's ghost, amateur OpNe


Innate Abilities, Weirdness & Mutations

You cannot wear most types of armour.
You are amphibious.
You can wear up to eight rings at the same time.
You can use your tentacles to constrict eight enemies at once.
Your skin changes colour to match your surroundings (Stealth).
Your rubbery body absorbs attacks (AC +1).


Message History

Drink which item? (? for menu, Esc to quit)
You feel much better.
The centaur shoots an arrow.
The arrow hits you!
You aren't carrying any items that you can evoke.
Read which item? (? for menu, Esc to quit)
Okay, then.
Okay, then.
The centaur shoots an arrow.
The arrow hits you!
* * * LOW HITPOINT WARNING * * *
You see here an arrow.
Unknown command.
The centaur unwields an uncursed shortbow.
The centaur hits you.
* * * LOW HITPOINT WARNING * * *
The centaur barely misses you.
Found a potion of heal wounds.
Unknown command.
Unknown command.
Unknown command.
You completely miss the centaur. The centaur hits you!
You die...

#.!.#. .# #.....#.#
#........ #.#.#...#
.......######
#.#...$......# #.##.#
#.#...c......# #..#.#
#.#...@......##
#.#.###.#...(.......#
#........##.(.._....#
#..........._......#
####.......##.........#
#...............(8.._.#
.##.>................#
###.....###._......#
#.....# #..._....#


You could see a centaur.

Vanquished Creatures
  A giant frog (D:4)
  A hound (D:5)
  Terence (D:3)
  2 adders
  A worm (D:2)
  2 dart slugs
  A giant gecko (D:3)
  An orc (D:3)
  A goblin (D:1)
  A hobgoblin (D:3)
  6 jackals
  2 kobolds
  A quokka (D:2)
  2 bats (D:1)
  A giant newt (D:1)
  4 rats
28 creatures vanquished.

Vanquished Creatures (collateral kills)
  A jackal (D:3)
1 creature vanquished.

Grand Total: 29 creatures vanquished

Notes
Turn   | Place    | Note
--------------------------------------------------------------
     0 | D:1      | M4edhros the Octopode Necromancer began the quest for the Orb.
     0 | D:1      | Reached XP level 1. HP: 11/11 MP: 3/3
    81 | D:1      | Reached skill level 1 in Unarmed Combat
   105 | D:1      | Reached XP level 2. HP: 3/17 MP: 5/5
   218 | D:3      | Reached XP level 3. HP: 14/21 MP: 1/6
   226 | D:3      | Learned a level 3 spell: Regeneration
   228 | D:3      | Learned a level 1 spell: Animate Skeleton
   315 | D:3      | Noticed Terence
   330 | D:3      | Killed Terence
   330 | D:3      | Reached XP level 4. HP: 21/27 MP: 4/7
   382 | D:4      | Noticed a giant frog
   387 | D:4      | Killed a giant frog
   387 | D:4      | Reached XP level 5. HP: 31/31 MP: 8/8
   417 | D:5      | Entered Level 5 of the Dungeon
   490 | D:7      | Found Vekix's Antique Weapon Boutique.
   491 | D:7      | Found Sokene's Book Shop.
   491 | D:7      | Noticed an ice beast
   509 | D:7      | Noticed M4edhros's ghost (amateur OpNe)
   544 | D:6      | Found a glowing golden altar of the Shining One.
   544 | D:6      | Noticed a centaur
   547 | D:6      | Found a snail-covered altar of Cheibriados.
   547 | D:6      | Found a glowing silver altar of Zin.
   547 | D:6      | Found a stormy altar of Qazlal.
   550 | D:6      | Found an iron altar of Okawaru.
   565 | D:6      | Became a worshipper of Cheibriados the Contemplative
   570 | D:6      | Slain by a centaur

Vault maps used:
D:1:      lemuel_arrival_tunnels, minmay_strange_pillars, roderic_roman_lattice,
          st_stairs_10
D:2:      overflow_temple_1_default
D:3:      first_bread, small_statue_intersection, uniq_terence
D:4:      lemuel_crystal_altar, serial_shops, nicolae_shop_trees, uniq_eustachio
D:5:      hangedman_decor_growths, uniq_pikel
D:6:      grunt_temple_overflow_open
D:7:      minmay_temple_entry_from_below_a, serial_shops,
          nicolae_shop_temple_entry_statues_fountains, shop, shop, shop, shop,
          minivault_24

Skill      XL: |  1  2  3  4 |
---------------+-------------+-----
Unarmed Combat | 1 2 3 4 |  4.9
Dodging        | |  2.0
Stealth        | |  2.6
Spellcasting   | |  2.0
Necromancy     | |  4.0

Action                   |  1- 3 |  4- 6 || total
-------------------------+-------+-------++-------
Melee: Unarmed           |    39 |    12 ||    51
       Constrict         |    15 |     1 ||    16
       Tentacles         |    13 |     3 ||    16
       Punch             |     2 |       ||     2
 Cast: Pain              |    12 |       ||    12
       Animate Skeleton  |     5 |       ||     5
       Regeneration      |     1 |     1 ||     2
  Use: Potion            |     1 |     2 ||     3
 Stab: Sleeping          |     4 |     1 ||     5
Armor: Skin              |     4 |     1 ||     5
Dodge: Dodged            |    16 |     9 ||    25
